Map: Dragon Scales LE

Players

SLicKcHeeZEE - Winner!

  • Race: Zerg Zerg
  • Spawn Location: 5:00

A.I. 1 (Very Hard)

  • Race: Terran Terran
  • Spawn Location: 11:00

VOD

Have the link to the VOD?

Description

Time

  • Played on: Sept. 3, 2026, 1:03 a.m.
  • Length: 17:51
Show
View Real Time Build Order
Export as new Build Order

SLicKcHeeZEE Zerg - Winner!

Build Orders: Hatch First, Roach Hydra 

Get SALT Encoding   

  8  0:01  Drone  
  9  0:10  Drone  
  10  0:16  Drone  
  11  0:27  Overlord  
  11  0:33  Drone  
  12  0:45  Drone x2  
  14  0:51  Drone  
  15  1:16  Hatchery  
  15  1:17  Drone  
  15  1:20  Drone  
  16  1:37  Spawning Pool  
  15  1:40  Extractor  
  15  1:41  Drone  
  15  1:45  Drone  
  16  1:49  Drone  
  16  1:53  Drone  
  18  2:01  Overlord  
  18  2:11  Drone  
  19  2:24  Queen  
  19  2:27  Queen  
  23  2:33  Drone x2  
  25  2:40  Overlord  
  25  2:43  Drone  
  26  2:47  Drone  
  26  2:49  Drone  
  28  2:52  Drone  
  28  2:57  Drone  
  30  3:10  Lair  
  30  3:16  Roach Warren  
  30  3:18  Extractor  
  28  3:22  Drone x2  
  30  3:28  Overlord  
  30  3:30  Drone  
  30  3:31  Drone  
  30  3:33  Drone  
  33  3:36  Drone  
  33  3:37  Drone  
  35  3:47  Drone  
  36  3:49  Drone  
  36  3:53  Overlord  
  37  3:58  Roach  
  37  3:59  Roach  
  37  4:00  Roach x2  
  45  4:09  Hydralisk Den  
  44  4:23  Extractor  
  43  4:26  Evolution Chamber  
  43  4:27  Evolution Chamber  
  43  4:29  Hatchery  
  40  4:32  Glial Reconstitution  
  40  4:37  Hydralisk x2  
  44  4:45  Drone  
  44  4:46  Drone x2  
  47  4:54  Grooved Spines  
  47  5:07  Zerg Ground Armor Level 1  
  47  5:17  Zerg Missile Weapons Level 1  
  47  5:20  Queen  
  49  5:24  Extractor  
  49  5:28  Drone x4  
  52  5:34  Overlord  
  52  5:36  Drone x2  
  52  5:37  Drone  
  55  5:53  Muscular Augments  
  55  5:56  Drone x2  
  57  6:04  Drone  
  57  6:08  Overlord x2  
  58  6:15  Drone x2  
  58  6:16  Drone  
  58  6:18  Overlord  
  61  6:20  Roach x3  
  67  6:27  Hydralisk  
  67  6:28  Hydralisk  
  67  6:29  Roach x3  
  77  6:42  Extractor  
  76  6:49  Overlord x2  
  76  6:50  Roach x2, Hydralisk  
  76  6:51  Roach  
  84  6:58  Drone x2  
  86  7:09  Zerg Ground Armor Level 2  
  86  7:25  Drone x3  
  89  7:31  Zerg Missile Weapons Level 2  
  91  7:37  Roach x3, Hydralisk x2  
  91  7:40  Overlord x2  
  99  7:47  Drone x3  
  102  8:00  Roach  
  102  8:01  Roach x2  
  102  8:02  Hydralisk x2  
  102  8:03  Hydralisk, Roach x3  
  102  8:05  Overlord  
  120  8:13  Overlord x2  
  120  8:45  Overlord  
  120  8:46  Overlord x2  
  120  9:02  Hatchery  
  70  9:57  Hatchery  
  69  10:16  Roach x2, Hydralisk  
  69  10:17  Hatchery, Roach, Hydralisk  
  69  10:18  Hydralisk x2, Roach x3  
  69  10:19  Hydralisk x3, Roach x3  
  69  10:20  Hydralisk x3, Roach x4  
  69  10:21  Roach x3  
  120  10:38  Queen  
  120  10:41  Queen  
  124  11:00  Extractor  
  123  11:05  Ravager x3  
  126  11:40  Hydralisk x2, Roach  
  126  11:41  Roach x3, Hydralisk x2  
  126  11:42  Roach x4, Hydralisk x2  
  126  11:43  Roach x4, Hydralisk x2  
  166  12:22  Overlord x2  
  166  12:30  Queen  
  168  12:48  Overlord  
  168  12:51  Hydralisk  
  168  12:52  Hydralisk x13  
  101  15:15  Hydralisk  
  101  15:16  Hydralisk x25  
  101  15:17  Hydralisk x4  
  145  17:06  Zergling x2  
  145  17:07  Zergling x40  
Show
View Real Time Build Order
Export as new Build Order

A.I. 1 (Very Hard) Terran 

Build Orders:  

Get SALT Encoding   

  8  0:00  SCV  
  9  0:13  SCV  
  10  0:25  SCV  
  11  0:37  SCV  
  12  0:46  Supply Depot  
  12  0:49  SCV  
  13  0:57  Refinery  
  13  1:08  SCV  
  14  1:19  Barracks  
  14  1:20  SCV  
  15  1:32  SCV  
  16  1:44  SCV  
  17  1:56  SCV  
  18  2:06  Marine  
  18  2:07  Factory  
  18  2:08  SCV  
  20  2:17  Supply Depot  
  20  2:20  Orbital Command  
  20  2:32  Barracks  
  20  2:33  Marine  
  21  2:45  SCV  
  21  2:46  Refinery  
  21  2:51  Marine  
  22  2:57  SCV  
  24  3:02  Supply Depot  
  24  3:03  Factory Tech Lab  
  24  3:09  Marine  
  24  3:10  SCV  
  26  3:19  Marine  
  27  3:24  Siege Tank  
  27  3:25  SCV  
  31  3:28  Marine  
  32  3:36  Marine  
  33  3:42  Starport, SCV  
  33  3:47  Barracks Tech Lab  
  34  3:55  Barracks Tech Lab  
  34  3:59  SCV  
  35  4:07  Supply Depot  
  35  4:12  Stimpack  
  35  4:21  Medivac  
  37  4:28  Marine x2, SCV  
  40  4:36  Supply Depot  
  40  4:41  SCV  
  41  4:46  Marine, Marauder  
  44  4:57  Medivac  
  46  5:00  Supply Depot  
  46  5:04  Marauder  
  48  5:07  Marine  
  48  5:14  Barracks  
  49  5:19  Command Center  
  49  5:25  Marine, Marauder  
  52  5:38  Supply Depot  
  52  5:43  Siege Tank, Marauder  
  52  5:46  Marine  
  58  6:01  Barracks Reactor  
  58  6:04  Marine  
  58  6:05  Marauder  
  58  6:08  Supply Depot  
  61  6:13  Combat Shield  
  61  6:15  Siege Tank  
  64  6:22  Marauder  
  66  6:26  Marauder  
  66  6:31  SCV  
  66  6:32  Supply Depot  
  69  6:33  SCV  
  70  6:43  SCV  
  70  6:44  Marauder  
  70  6:46  SCV  
  74  6:49  Marauder  
  76  6:55  SCV  
  76  6:58  SCV  
  78  7:04  Siege Tank  
  78  7:05  Marauder  
  78  7:06  Concussive Shells  
  78  7:07  SCV  
  84  7:10  SCV  
  85  7:19  SCV  
  85  7:21  Refinery  
  85  7:22  SCV  
  87  7:23  Engineering Bay  
  87  7:30  Supply Depot  
  87  7:32  SCV  
  87  7:34  SCV  
  89  7:42  Engineering Bay  
  89  7:44  SCV  
  90  7:46  SCV  
  90  7:50  Terran Infantry Weapons Level 1  
  91  7:56  SCV, Missile Turret  
  92  7:58  SCV  
  92  8:03  Supply Depot  
  93  8:06  Missile Turret  
  93  8:07  Terran Infantry Armor Level 1  
  93  8:08  SCV  
  93  8:10  SCV  
  95  8:18  Barracks, Starport Reactor  
  95  8:19  Marine  
  96  8:20  SCV, Marine  
  96  8:22  SCV  
  96  8:26  Marauder  
  101  8:33  Supply Depot  
  101  8:34  Orbital Command  
  101  8:37  Marauder  
  101  8:39  Siege Tank  
  106  8:51  Missile Turret  
  106  8:59  Supply Depot  
  106  9:00  Command Center  
  106  9:11  Widow Mine  
  106  9:15  Missile Turret  
  106  9:17  Medivac  
  110  9:20  Marauder  
  99  9:24  Marauder  
  99  9:25  Marine  
  99  9:26  Marine  
  99  9:28  Marine  
  83  9:32  Widow Mine  
  83  9:38  Medivac  
  73  9:42  Marauder  
  73  9:43  Marine  
  73  9:44  Marine  
  76  9:45  Marauder  
  76  9:46  Marine  
  77  9:54  Widow Mine  
  77  9:55  Missile Turret  
  77  9:58  Medivac  
  81  10:01  Marine  
  81  10:02  Marine  
  81  10:03  Marauder  
  81  10:06  Marine x2  
  87  10:13  SCV x3  
  90  10:15  Siege Tank  
  90  10:19  Marine  
  90  10:20  Marine  
  95  10:24  Marine  
  95  10:25  Marauder, SCV  
  95  10:26  SCV  
  95  10:27  SCV  
  101  10:37  SCV, Missile Turret  
  101  10:38  SCV  
  101  10:39  SCV  
  106  10:42  Marauder  
  106  10:44  Missile Turret  
  106  10:46  Marine, Marauder  
  106  10:47  Widow Mine, Marine  
  106  10:49  SCV  
  113  10:50  SCV  
  113  10:51  Orbital Command  
  114  10:59  Armory  
  114  11:01  SCV  
  114  11:03  SCV  
  114  11:04  Marauder  
  118  11:07  Marauder  
  118  11:08  Siege Tank  
  123  11:13  SCV, Supply Depot  
  123  11:15  SCV  
  125  11:24  Factory  
  125  11:25  Refinery  
  124  11:26  Refinery  
  124  11:27  Command Center  
  124  11:35  Starport  
  124  11:38  Refinery  
  124  11:40  Siege Tank  
  124  11:46  Terran Infantry Weapons Level 2  
  127  11:48  SCV  
  127  11:49  SCV x2  
  130  11:55  Supply Depot  
  130  11:56  Viking  
  130  12:00  SCV  
  133  12:02  Viking, SCV  
  133  12:03  SCV  
  137  12:08  Factory Tech Lab  
  137  12:11  Starport Tech Lab  
  137  12:12  Siege Tank  
  137  12:13  SCV  
  141  12:20  Supply Depot  
  141  12:22  Missile Turret  
  141  12:24  Missile Turret  
  141  12:26  Viking  
  141  12:29  Fusion Core  
  143  12:32  Viking  
  143  12:37  Viking  
  147  12:39  SCV x2  
  149  12:49  Refinery  
  149  12:53  Missile Turret  
  149  12:55  Refinery  
  149  12:56  Viking  
  151  13:01  Supply Depot  
  151  13:02  Command Center, Viking  
  153  13:07  Raven  
  155  13:19  Planetary Fortress  
  155  13:21  Missile Turret  
  155  13:22  Missile Turret  
  155  13:25  Missile Turret  
  155  13:26  Viking  
  157  13:27  Starport  
  157  13:32  Viking  
  159  13:36  Supply Depot  
  159  13:38  Terran Ship Weapons Level 1  
  161  13:41  Raven  
  161  13:45  Armory  
  161  13:52  Hi-Sec Auto Tracking  
  161  13:56  Viking  
  161  13:57  Marauder x2  
  161  13:59  Marine x3  
  161  14:01  Supply Depot  
  167  14:03  SCV  
  167  14:04  Starport Tech Lab, SCV  
  167  14:05  SCV, Viking  
  145  14:14  Missile Turret  
  145  14:15  Battlecruiser, SCV  
  123  14:17  Marine x3  
  123  14:18  Marine x2  
  123  14:21  Refinery  
  123  14:22  Refinery  
  123  14:23  SCV, Raven  
  94  14:25  SCV  
  94  14:26  Viking, SCV  
  94  14:30  SCV  
  99  14:35  Marine x3, Viking, Command Center  
  99  14:36  Marine, Marauder  
  89  14:52  Marine, SCV  
  79  14:53  SCV  
  79  14:54  Marauder  
  79  14:56  Viking  
  79  14:57  SCV  
  79  14:58  Marauder  
  78  15:02  Viking  
  69  15:09  Viking  
  70  15:14  Command Center  
  70  15:15  Marauder  
  70  15:19  Marauder, Viking  
  71  15:26  Viking  
  61  15:32  Viking  
  60  15:39  Viking  
  60  15:49  Viking  
  58  15:56  SCV  
  58  15:58  SCV  
  58  16:01  SCV  
  58  16:06  Viking  
  58  16:09  Viking  
  53  16:13  Orbital Command  
  40  16:35  Command Center  
  12  17:36  Command Center  
Tags
 
Composition
Roach Hydra
Matchup
TvZ
Spawn Locations
Cross Positions
Add a new tag
Caveats
  • Supply blocks, unpowered buildings, or Contaminate may cause inaccurate times.
  • Supply counts are checked every 10 seconds.